 Dungeon Sprint DCSS version 0.30-a0-965-g42e074c17a (webtiles) character file.

Game seed: 8629120102010058791

1393 sircluck the Grappler (level 8, -8/138 HPs)
             Began as a Troll Berserker on Mar 31, 2023.
             Was an Elder of Trog.
             Killed from afar by an electric eel (12 damage)
             ... with a bolt of electricity
             ... in the Dungeon (Sprint II: "The Violet Keep of Menkaure").
             The game lasted 00:05:14 (698 turns).

sircluck the Grappler (Troll Berserker)              Turns: 698, Time: 00:05:16

Health: -8/138     AC:  7    Str: 28    XL:     8   Next: 41%
Magic:  7/7        EV: 12    Int:  3    God:    Trog [****..]
Gold:   22         SH:  0    Dex:  9    Spells: 7/7 levels left

rFire   . . .      SeeInvis .      - Unarmed
rCold   . . .      Faith    .    (no shield)
rNeg    . . .      Spirit   .    a - +0 animal skin
rPois   .          Reflect  .    (helmet restricted)
rElec   .          Rampage  .    h - +2 cloak {Will+}
rCorr   .          NoTele   +    (gloves unavailable)
Will    +....                    (boots unavailable) Stlth
                                 (no amulet)
HPRegen 1.23/turn                (no ring)
MPRegen 0.10/turn                (no ring)

@: berserking (expiring), very quick
A: large, unfitting armour, claws 3, regeneration 1, shaggy fur 1, tough skin 1
a: Renounce Religion, Berserk, Trog's Hand, Brothers in Arms


You were in the Dungeon.
You worshipped Trog.
Trog was greatly pleased with you.
You visited 1 branch You collected 972 gold pieces.
You spent 950 gold pieces at shops.

Inventory:

Armour
 a - a +0 animal skin (worn)
 h - a +2 cloak of willpower (worn)
Scrolls
 g - 3 scrolls of blinking
 j - a scroll of enchant armour
 k - a scroll of fear
Potions
 b - 4 potions of curing
 c - 3 potions of heal wounds
 d - 2 potions of haste
 e - 2 potions of magic
 f - 2 potions of berserk rage
 i - a potion of might


   Skills:
 + Level 9.4 Fighting
 + Level 9.0 Dodging
 + Level 0.7 Stealth
 + Level 11.9 Unarmed Combat


You had 7 spell levels left.
You didn't know any spells.
Your spell library was empty.

Dungeon Overview and Level Annotations

Branches:
Dungeon (1/1)

Altars:

Shops:
D :*(?!=:[=[!!:[(

Annotations:
D exclusion: oklob plant


Innate Abilities, Weirdness & Mutations

You are too large for most types of armour.
You have claws for hands.
Your natural rate of healing is unusually fast.
You are covered in fur. (AC +1)
You have tough skin. (AC +1)


Message History

The bolt of electricity hits the electric eel.
The electric eel completely resists.
The electric eel shoots out a bolt of lightning at you!
The bolt of electricity hits the electric eel.
The electric eel completely resists.
The bolt of electricity hits the electric eel.
The electric eel completely resists.
The bolt of electricity misses you.
There is an open gate here.
You miss the electric eel. Your claw misses the electric eel.
You mangle the electric eel!!
You kill the electric eel!
Trog accepts your kill.
Your Dodging skill increases to level 9!
You eviscerate the electric eel!!!
You kill the electric eel!
Trog accepts your kill.
You hear a splash.
The electric eel shoots out a bolt of lightning at you!
The bolt of electricity hits you!
The electric eel shoots out a bolt of lightning at you!
The bolt of electricity hits you. The bolt of electricity hits you!
The electric eel shoots out a bolt of lightning at you!
The bolt of electricity hits the electric eel.
The electric eel completely resists.
The bolt of electricity hits you!
* * * LOW HITPOINT WARNING * * *
The electric eel shoots out a bolt of lightning at you!
The bolt of electricity hits you!
* * * LOW HITPOINT WARNING * * *
The electric eel shoots out a bolt of lightning at you!
The bolt of electricity hits the electric eel.
The electric eel completely resists.
The bolt of electricity hits you!
* * * LOW HITPOINT WARNING * * *
You enter the shallow water.
The electric eel shoots out a bolt of lightning at you!
The bolt of electricity hits the electric eel.
The electric eel completely resists.
The bolt of electricity hits you!
* * * LOW HITPOINT WARNING * * *
The electric eel shoots out a bolt of lightning at you!
The bolt of electricity misses you. The bolt of electricity hits you!
You die...

...∩.∩.†#~#...##.##...#..#,,*,,*,
....∩...'~'.#)'.<.'.##'..###*,,**
.....∩.∩#~#...##.##...#....###.,,
▓▓▓▓▓▓###~##.###÷###.##......~~~~
[HH######~~####.#.####~~.....~#+*
($H#h.+^##~~~#.###.#~~~§~~~.§~#,_
∩P!+.$#+*#+#~##.#.##~~~~~§~~.~#,,
$$.#(##○#*,#~~##'##~~§≈§≈~~~§~#,_
??(###...**##§§~@~~~~~~§≈§§§§~#_,
#+###..°.,*,#§§§#+++#§≈§≈≈≈≈≈~#,_
,,,**,,,,,**#§SSSS≈≈##§≈§###≈≈#_,
*+***,,,,,*#≈§§S§SS≈§#*≈§#,*~~*,_
,,,*+,,,,,+≈§§§§§§§§§§+~§#+*~~*_,
*+***,,,,,##§§§§§§§≈§##~~≈≈~~~***
,,,**,,,,,*##§§§§§§§##****#****~~
*+***,,,,,*∩####+####~~,~~~,***~*
,,,***,,,**,,^,*****~~,~~~,~,**~*


You could see 7 electric eels.

Vanquished Creatures
  A merfolk siren (D)
  2 wyverns (D)
  2 water moccasins (D)
  4 scorpions (D)
  4 necrophages (D)
  2 electric eels (D)
15 creatures vanquished.

Vanquished Creatures (others)
  Menkaure (D)
1 creature vanquished.

Grand Total: 16 creatures vanquished

Notes
Turn   | Place    | Note
-------+----------+-------------------------------------------
     0 | D        | sircluck the Troll Berserker began the quest for the Orb.
     0 | D        | Reached XP level 1. HP: 22/22 MP: 0/0
     1 | D        | Noticed a wyvern
     1 | D        | Noticed a wyvern
     5 | D        | Noticed a merfolk siren
    14 | D        | Killed a merfolk siren
    15 | D        | Reached skill level 8 in Unarmed Combat
    15 | D        | Reached XP level 2. HP: 22/40 MP: 1/1
    15 | D        | Reached XP level 3. HP: 25/46 MP: 2/2
    15 | D        | Reached XP level 4. HP: 30/55 MP: 3/3
    15 | D        | Reached XP level 5. HP: 34/62 MP: 4/4
    15 | D        | Reached XP level 6. HP: 39/71 MP: 5/5
    45 | D        | Killed Menkaure
   264 | D        | Reached ** piety under Trog
   267 | D        | Reached skill level 9 in Unarmed Combat
   272 | D        | Reached XP level 7. HP: 54/79 MP: 6/6
   307 | D        | Reached *** piety under Trog
   308 | D        | Reached skill level 10 in Unarmed Combat
   338 | D        | Killed a wyvern
   339 | D        | Reached skill level 11 in Unarmed Combat
   340 | D        | Killed a wyvern
   340 | D        | Reached **** piety under Trog
   341 | D        | Reached XP level 8. HP: 92/92 MP: 7/7
   489 | D        | Found Xoxzuw's Antique Weapon Shop.
   493 | D        | Found Ridweips's Book Boutique.
   493 | D        | Found Xafuihuz's Distillery.
   495 | D        | Found Ilioj's Antique Armour Shop.
   495 | D        | Found Nixy's Jewellery Boutique.
   496 | D        | Found Kuddadob's Jewellery Boutique.
   496 | D        | Found Amicwome's Distillery.
   497 | D        | Found Ofoq Desi's Armour Shop.
   498 | D        | Found Makom's Antique Weapon Shop.
   498 | D        | Found Umiuc's General Store.
   499 | D        | Found Gaepn's Distillery.
   499 | D        | Found Sojysm's Magic Scroll Boutique.
   499 | D        | Noticed a manticore
   500 | D        | Found Revicrouf's Antique Armour Shop.
   500 | D        | Found Cydipt's Book Boutique.
   502 | D        | Noticed a manticore
   576 | D        | Noticed a manticore
   576 | D        | Noticed an oklob plant
   577 | D        | Found Vavyem's Book Shoppe.
   579 | D        | Noticed an ice dragon
   581 | D        | Noticed a polar bear
   581 | D        | Noticed a polar bear
   583 | D        | Bought an embroidered cloak for 187 gold pieces
   591 | D        | Bought a potion of haste for 100 gold pieces
   591 | D        | Bought a potion of curing for 30 gold pieces
   591 | D        | Bought a potion of heal wounds for 50 gold pieces
   591 | D        | Bought a potion of berserk rage for 50 gold pieces
   595 | D        | Bought a potion of might for 40 gold pieces
   607 | D        | Bought a scroll of enchant armour for 82 gold pieces
   607 | D        | Bought a scroll of blinking for 82 gold pieces
   607 | D        | Bought a scroll of fear for 44 gold pieces
   607 | D        | Bought a scroll of blinking for 82 gold pieces
   607 | D        | Bought a scroll of magic mapping for 82 gold pieces
   622 | D        | Bought 2 potions of curing for 66 gold pieces
   622 | D        | Bought a potion of heal wounds for 55 gold pieces
   698 | D        | HP: 4/138 [electric eel/bolt of electricity (10)]
   698 | D        | Killed from afar by an electric eel

Illustrated notes

Levels and vault maps discovered:
D:        the_violet_keep_of_menkaure [sprint2_stairs_cluster_1,
          sprint2_shoproom, sprint2_temple, sprint2_basic_supplies,
          sprint2_obstacle_7, sprint2_obstacle_6, sprint2_obstacle_5,
          sprint2_obstacle_2, sprint2_obstacle_4, sprint2_timed_cluster_1,
          sprint2_smallroom_cluster_1, sprint2_smallroom_final_cluster_1,
          sprint2_transparent_cluster_1, sprint2_second_timed_cluster_1,
          sprint2_sniper_area_1, sprint2_heavy_combat_area_1,
          sprint2_mutation_trap_area_1, sprint2_forest_area_1,
          sprint2_light_combat_area_1, sprint2_behind_water_1,
          sprint2_near_end_vault_1]

Skill      XL: |  1  2  3  4  5  6  7  8 |
---------------+-------------------------+-----
Fighting       | 7 9 |  9.4
Dodging        | 6 7 8 9 |  9.0
Unarmed Combat | 8 9 11 | 11.9
Stealth        | |  0.7

Action                     |  1- 3 |  4- 6 |  7- 9 || total
---------------------------+-------+-------+-------++-------
  Melee: Unarmed           |     6 |    11 |    27 ||    44
         Punch             |       |     1 |     1 ||     2
 Invoke: Berserk           |     1 |       |     2 ||     3
    Use: Scroll            |       |       |     1 ||     1
 Armour: Animal skin       |       |     1 |     2 ||     3
  Dodge: Dodged            |       |     4 |    12 ||    16

Table legend: (Time is in decaauts)
 A = Elapsed time spent in this place.
 B = Non-inter-level travel time spent in this place.
 C = Inter-level travel time spent in this place.
 D = Time resting spent in this place.
 E = Time spent auto-exploring this place.
 F = Levels seen in this place.
 G = Mean time per level.
                   A        B        C        D        E       F      G
               +--------+--------+--------+--------+--------+-----+--------+
         Total |    708 |    664 |     44 |    394 |      0 |   1 |  708.0 |
       Dungeon |    708 |    664 |     44 |    394 |      0 |   1 |  708.0 |
               +--------+--------+--------+--------+--------+-----+--------+

Top non-repeatable levels by time:
       D: 708 daAuts
